 Dungeon Crawl Stone Soup version 0.28-a0-519-gbfeecf2fc5 (webtiles) character file.

Game seed: 12454783938492995405

1542 robertstho the Ruffian (level 8, -18/79 HPs)
             Began as a Troll Delver on Sept 23, 2021.
             Was an Initiate of Ashenzari.
             Demolished by a two-headed ogre (32 damage)
             ... on level 5 of the Dungeon.
             The game lasted 00:07:30 (3800 turns).

robertstho the Ruffian (Troll Delver)               Turns: 3800, Time: 00:07:30

Health: -18/79     AC:  6    Str: 23      XL:     8   Next: 56%
Magic:  7/7        EV: 10    Int:  5 (6)  God:    Ashenzari [......]
Gold:   151        SH:  0    Dex: 13      Spells: 7/7 levels left

rFire   . . .      SeeInvis .     - Unarmed
rCold   . . .      Faith    .   (no shield)
rNeg    . . .      Spirit   .   a - +0 robe
rPois   .          Reflect  .   (helmet restricted)
rElec   .          Harm     .   (no cloak)
rCorr   .          Rampage  .   (gloves unavailable)
Will    .....                   (boots unavailable)
Stlth   +++.......              (no amulet)
HPRegen 1.23/turn               (no ring)
MPRegen 0.10/turn               (no ring)

@: mighty
A: large, unfitting armour, claws 3, regeneration 1, shaggy fur 1, tough skin 1,
iridescent scales 1, agile 1, sense surroundings 1
a: Renounce Religion


You were on level 5 of the Dungeon.
You worshipped Ashenzari.
Ashenzari was noncommittal.
You visited 2 branches of the dungeon, and saw 6 of its levels.

You collected 151 gold pieces.

Inventory:

Hand Weapons
 o - a +3 dire flail of protection
Missiles
 p - a throwing net (quivered)
Armour
 a - a +0 robe (worn)
Wands
 f - a wand of digging (3)
Scrolls
 b - a scroll of fog
 c - 3 scrolls of magic mapping
 d - a scroll of fear
 e - 2 scrolls of enchant weapon
 j - 2 scrolls of teleportation
Potions
 g - 2 potions of ambrosia
 k - a potion of might
 l - a potion of magic
 m - a potion of curing
 n - a potion of attraction


   Skills:
 * Level 4.5 Fighting
 + Level 2.4 Dodging
 + Level 4.7 Stealth
 * Level 7.6 Unarmed Combat


You had 7 spell levels left.
You didn't know any spells.
Your spell library was empty.

Dungeon Overview and Level Annotations

Branches:
Dungeon (5/15)             Temple (1/1) D:4

Altars:
Ashenzari
Cheibriados
Dithmenos
Elyvilon
Fedhas
Hepliaklqana
Kikubaaqudgha
Makhleb
Nemelex Xobeh
Qazlal
Ru
Sif Muna
Trog
Uskayaw
Vehumet
Xom
Yredelemnul
Zin

Shops:
D:3 [


Innate Abilities, Weirdness & Mutations

You are too large for most types of armour.
You have claws for hands.
Your natural rate of healing is unusually fast.
You are covered in fur. (AC +1)
You have tough skin. (AC +1)
You are partially covered in iridescent scales. (AC +2)
You are agile. (Dex +2)
You passively map a small area around you.


Message History

You kill Grinder!
The jelly hits you but does no damage.
You feel your intelligence returning.
You claw the two-headed ogre!
The two-headed ogre is moderately wounded.
The two-headed ogre hits you with a +0 giant club.
The two-headed ogre hits you with a +0 giant club!
The jelly hits you.
You are splashed with acid!
You are too injured to fight recklessly!
You are too injured to fight recklessly!
You are too injured to fight recklessly!
You are too injured to fight recklessly!
You are too injured to fight recklessly!
You are too injured to fight recklessly!
You are too injured to fight recklessly!
You are too injured to fight recklessly!
Unknown command.
The jelly hits you but does no damage.
There is a shaft here.
The jelly falls through a shaft!
The shaft crumbles and collapses.
Okay, then.
Okay, then.
You feel very mighty all of a sudden.
You barely miss the two-headed ogre.
The two-headed ogre is lightly wounded.
The two-headed ogre hits you with a +0 giant club! x2
You scratch the two-headed ogre.
The two-headed ogre is lightly wounded.
The two-headed ogre hits you with a +0 giant club!!
The two-headed ogre hits you with a +0 giant club.
You completely miss the two-headed ogre.
You claw the two-headed ogre!
The two-headed ogre is lightly wounded.
The two-headed ogre hits you with a +0 giant club!!
* * * LOW HITPOINT WARNING * * *
The two-headed ogre misses you.
You claw the two-headed ogre!
The two-headed ogre is moderately wounded.
The two-headed ogre hits you with a +0 giant club!!
You die...

* #.######### *
*#.........####*##
.............##.#
#.#######.##.##.# #...#.##.##.##
* ### * , #.....##.##.., , ... *,
###.####O##.#* ### .##.*
##.####@##.###########.. ##.##.
#...>...............##.# ...##.#
##.#.#####.########.##.#
#..##.#####.#....................
#..............####.########..#'#
#..##...###.##.# #†# #..... #.#
#...# #.....# #.# #..... #.#
#...# ####..# #.# ##.... #.#
#...# #..# #.# #....


You could see a two-headed ogre.

Vanquished Creatures
  Pikel (D:4)
  Grinder (D:5)
  Eustachio (D:5)
  Edmund (D:4)
  Duvessa (D:4)
  2 black bears (D:4)
  Dowan (D:4)
  2 scorpions
  A jelly (D:5)
  A bullfrog skeleton (D:4)
  An iguana (D:4)
  A howler monkey skeleton (D:4)
  3 adders
  A worm (D:2)
  4 dart slugs
  12 orcs
  9 bats
  5 endoplasms
  4 giant cockroaches
  11 goblins
  6 hobgoblins
  2 quokkas
  7 ball pythons
  8 frilled lizards
  2 kobolds
  4 rats
92 creatures vanquished.

Notes
Turn   | Place    | Note
-------+----------+-------------------------------------------
     0 | D:5      | robertstho the Troll Delver began the quest for the Orb.
     0 | D:5      | Reached XP level 1. HP: 22/22 MP: 0/0
     8 | D:5      | Noticed Grinder
    31 | D:5      | Noticed a two-headed ogre
    35 | D:4      | Noticed a black bear
    41 | D:4      | Killed a black bear
    42 | D:4      | Reached XP level 2. HP: 28/31 MP: 1/1
    42 | D:4      | Reached XP level 3. HP: 34/37 MP: 2/2
    42 | D:4      | Reached XP level 4. HP: 41/45 MP: 3/3
    49 | D:4      | Noticed a lemure
    49 | D:4      | Noticed a black bear
    58 | D:4      | Killed a black bear
    59 | D:4      | Reached skill level 3 in Unarmed Combat
    59 | D:4      | Reached XP level 5. HP: 50/53 MP: 4/4
    86 | D:4      | Noticed a lemure
    87 | D:4      | Noticed Pikel
    87 | D:4      | Noticed a lemure
    91 | D:4      | Noticed a lemure
   397 | D:3      | Found Riurateg's Antique Armour Emporium.
   913 | D:2      | Reached XP level 6. HP: 61/61 MP: 5/5
  1033 | D:2      | Found a burning altar of Makhleb.
  2002 | D:1      | Found a faded altar of an unknown god.
  2673 | D:4      | Noticed Edmund
  2688 | D:4      | Killed Edmund
  2689 | D:4      | Reached skill level 4 in Unarmed Combat
  2862 | D:4      | Killed Pikel
  2863 | D:4      | Reached skill level 5 in Unarmed Combat
  2863 | D:4      | Reached XP level 7. HP: 43/70 MP: 6/6
  2987 | D:4      | Noticed Dowan
  2989 | D:4      | Noticed Duvessa
  3004 | D:4      | Gained mutation: You are partially covered in iridescent
                  | scales. (AC +2) [potion of mutation]
  3004 | D:4      | Gained mutation: You are agile. (Dex +2) [potion of
                  | mutation]
  3004 | D:4      | Gained mutation: You passively map a small area around you.
                  | [potion of mutation]
  3009 | D:4      | Killed Duvessa
  3010 | D:4      | Reached skill level 6 in Unarmed Combat
  3010 | D:4      | Reached XP level 8. HP: 32/78 MP: 7/7
  3023 | D:4      | Killed Dowan
  3316 | D:4      | Found a hazy altar of Hepliaklqana.
  3316 | D:4      | Found an ancient bone altar of Kikubaaqudgha.
  3374 | D:4      | Found a staircase to the Ecumenical Temple.
  3383 | Temple   | Entered the Ecumenical Temple
  3528 | Temple   | Became a worshipper of Ashenzari the Shackled
  3590 | D:5      | Noticed Eustachio
  3621 | D:5      | Killed Eustachio
  3692 | D:5      | Reached skill level 7 in Unarmed Combat
  3752 | D:5      | Killed Grinder
  3800 | D:5      | Demolished by a two-headed ogre

Illustrated notes

Levels and vault maps discovered:
D:1:      giann_wishing_wells, layout_loops_ring,
          chequers_ecumenical_altar_grove
D:2:      layout_basic, basic_altar, minivault_23
D:3:      layout_basic, serial_shops, nicolae_diamond_shop,
          kennysheep_generic_room_11
D:4:      layout_loops_ring, gammafunk_temple_overflow_wave,
          minmay_temple_entry_fiery, amcnicky_mini_pool_small, st_stairs_13,
          uniq_pikel, uniq_duvessa, uniq_edmund
D:5:      layout_basic, hangedman_decor_diamond_cutter, kennysheep_small_spiral,
          kennysheep_small_circle, uniq_grinder, uniq_eustachio
Temple:   nicolae_temple_elliptical

Skill      XL: |  1  2  3  4  5  6  7  8 |
---------------+-------------------------+-----
Fighting       | 3 4 |  4.5
Stealth        | 3 4 |  4.7
Unarmed Combat | 3 5 6 7 |  7.6
Dodging        | 2 |  2.4

Action                   |  1- 3 |  4- 6 |  7- 9 || total
-------------------------+-------+-------+-------++-------
Melee: Unarmed           |     6 |   187 |    78 ||   271
       Punch             |       |     5 |     3 ||     8
  Use: Potion            |     1 |     1 |     3 ||     5
 Stab: Sleeping          |       |    21 |     2 ||    23
Armor: Robe              |     2 |    49 |    13 ||    64
Dodge: Dodged            |     3 |    78 |    29 ||   110

Table legend: (Time is in decaauts)
 A = Elapsed time spent in this place.
 B = Non-inter-level travel time spent in this place.
 C = Inter-level travel time spent in this place.
 D = Time resting spent in this place.
 E = Time spent auto-exploring this place.
 F = Levels seen in this place.
 G = Mean time per level.
                   A        B        C        D        E       F      G
               +--------+--------+--------+--------+--------+-----+--------+
         Total |   3764 |   3507 |    257 |     93 |   2730 |   6 |  627.3 |
       Dungeon |   3600 |   3369 |    231 |     93 |   2609 |   5 |  720.0 |
        Temple |    163 |    137 |     26 |      0 |    121 |   1 |  163.0 |
               +--------+--------+--------+--------+--------+-----+--------+

Top non-repeatable levels by time:
     D:2: 935 daAuts
     D:3: 857 daAuts
     D:4: 846 daAuts
     D:1: 726 daAuts
     D:5: 234 daAuts
  Temple: 163 daAuts
